 Dungeon Crawl Stone Soup version 0.31-a0-532-g28f74ba3e5 (webtiles) character file.

Game seed: 6159524678178536725

45586 duskshroud the Severer (level 14, -7/126 HPs)
             Began as a Minotaur Berserker on Aug 12, 2023.
             Was an Elder of Trog.
             Killed from afar by a red draconian scorcher (19 damage)
             ... with a searing blast
             ... on level 2 of the Abyss.
             The game lasted 00:49:15 (16815 turns).

duskshroud the Severer (Minotaur Berserker)        Turns: 16815, Time: 00:49:16

Health: -7/126     AC: 14    Str: 23    XL:     14   Next: 1%
Magic:  13/13      EV: 24    Int: -1 (1) God:    Trog [****..]
Gold:   249        SH:  0    Dex: 14    Spells: 13/13 levels left

rFire   . . .        a - +6 broad axe
rCold   . . .        (no shield)
rNeg    + + +        F - +4 ring mail of Vavvabav {rPois rN+++ Int-3}
rPois   +            (helmet restricted)
rElec   .            (no cloak)
rCorr   .            (no gloves)
SInv    .            n - +2 pair of boots {rampage}
Will    +....        (no amulet)
Stlth   +            p - +5 ring of evasion
HPRegen 0.41/turn    H - +5 ring of evasion
MPRegen 0.13/turn

%: rampage
@: slowed, lost intelligence, unable to read, very slow
A: horns 2, retaliatory headbutt, frail 1
a: Renounce Religion, Berserk, Trog's Hand, Brothers in Arms


You were on level 2 of the Abyss.
You worshipped Trog.
Trog was greatly pleased with you.
You visited 3 branches of the dungeon, and saw 17 of its levels.
You visited the Abyss 1 time.
You also visited: Sewer and Bailey.

You collected 1019 gold pieces.
You spent 770 gold pieces at shops.

Inventory:

Hand Weapons
 a - a +6 broad axe (weapon)
 b - a +4 eveningstar
 c - a +3 orcbow
Missiles
 s - 3 curare-tipped darts (quivered)
 C - 5 poisoned darts
 G - 3 throwing nets
 R - 5 silver javelins
Armour
 i - +0 acid dragon scales
 k - a +0 plate armour
 n - a +2 pair of boots of rampaging (worn)
 F - the +4 ring mail of Vavvabav (worn) {rPois rN+++ Int-3}
   (You found it on level 8 of the Dungeon)

   Int-3:     It affects your intelligence (-3).
   rPois:     It protects you from poison rN+++: It renders you almost immune to
   negative energy.
Jewellery
 p - a +5 ring of evasion (left hand)
 H - a +5 ring of evasion (right hand)
 K - a ring of flight
 O - a ring of resist corrosion
Wands
 J - a wand of digging (2)
Scrolls
 f - 2 scrolls of fear {unknown}
 g - 11 scrolls of teleportation
 l - 3 scrolls of amnesia {unknown}
 m - 5 scrolls of poison
 t - 6 scrolls of blinking
 u - 2 scrolls of enchant armour {unknown}
 w - a scroll of silence {unknown}
 y - a scroll of torment {unknown}
 z - 2 scrolls of immolation {unknown}
 B - 4 scrolls of fog
 I - 3 scrolls of vulnerability {unknown}
 M - 2 scrolls of noise {unknown}
 N - a scroll of revelation {unknown}
 P - a scroll of identify
 Q - a scroll of enchant weapon
Potions
 d - 3 potions of ambrosia
 e - 5 potions of resistance
 h - a potion of berserk rage {unknown}
 j - 6 potions of heal wounds
 o - 3 potions of might
 q - a potion of cancellation {unknown}
 r - 4 potions of invisibility
 v - 4 potions of curing
 x - 3 potions of attraction
 A - a potion of enlightenment {unknown}
 D - 2 potions of mutation {unknown}
 E - 2 potions of haste {unknown}
 L - a potion of experience


   Skills:
 + Level 17.8 Fighting
 - Level 20.0 Axes
 * Level 8.8 Armour
 * Level 8.0 Dodging


You had 13 spell levels left.
You didn't know any spells.
Your spell library was empty.

Dungeon Overview and Level Annotations

Branches:
Dungeon (13/15)            Temple (0/1) D:5            Lair (3/5) D:11
  Swamp (0/4) Lair:2       Spider (0/4) Lair:3          Orc (1/2) D:11
 Vaults (0/5) D:13          Sewer (visited)          Bailey (visited)

Altars:
Elyvilon
Fedhas
Hepliaklqana
Kikubaaqudgha
Makhleb
Nemelex Xobeh
Qazlal
Trog
Uskayaw
Xom

Shops:
D:2 [   D:4 *   D:5 :

Portals:
Trove: D:11 (give +5 fire dragon scales)

Annotations:
D:11 3 runed translucent doors
Lair:3 Sonja


Innate Abilities, Weirdness & Mutations

You have a pair of horns on your head.
You reflexively headbutt those who attack you in melee.
You are frail. (-10% HP)


Message History

The red draconian scorcher gestures at you while chanting.
The sphere of damnation explodes!
The damnation engulfs you!!
You hear a roar!
There is a corrupted altar of Lugonu here.
Your ogre goes berserk!
You swap places.
Your ogre rages.
There is a gateway leading deeper into the Abyss here.
Your ogre closely misses the red draconian scorcher.
The red draconian scorcher breathes fire at you.
The searing blast hits your ogre!! The searing blast hits you!
Your ogre hits the red draconian scorcher with a +0 giant spiked club!!
The red draconian scorcher hits your ogre with a +0 long sword!
You swap places.
A smoke demon comes into view.
The smoke demon roars!
Your ogre is engulfed in blazing flames.
Your ogre dies!
Your ogre's corpse disappears in a puff of smoke!
The red draconian scorcher barely misses you.
You slash the red draconian scorcher!
Your headbutt misses the red draconian scorcher.
The red draconian scorcher is moderately wounded.
The red draconian scorcher points at you and mumbles some strange words.
The bolt of magma hits you!!!
* * * LOW HITPOINT WARNING * * *
You slice the red draconian scorcher!!
You headbutt the red draconian scorcher, but do no damage.
The red draconian scorcher is heavily wounded.
The red draconian scorcher gestures at you while chanting.
The bolt of magma misses you.
You slash the red draconian scorcher!
Your headbutt misses the red draconian scorcher.
The red draconian scorcher is severely wounded.
The red draconian scorcher barely misses you.
You hit the red draconian scorcher.
The red draconian scorcher is severely wounded.
The red draconian scorcher breathes fire at you.
The searing blast hits you!!
You die...

#### .# ..# #.
###.# # ..
#○@.## .#
#.###q#. # #.#
#....3# .. ..#
####_##.....###.
#......##.....
.. .........
.....#
...########....#
. #....# #..q.#


You could see a red draconian scorcher (catching breath) and a smoke demon.

Vanquished Creatures
  An orc warlord (Bailey)
  Erolcha (D:9)
  Fannar (Lair:2)
  3 hydras
  A catoblepas (Lair:1)
  A boulder beetle (D:13)
  2 centaur warriors (D:13)
  8 death yaks (Lair:2)
  5 two-headed ogres
  A tengu warrior (D:13)
  Urug (Lair:3)
  Amaemon (Lair:3)
  4 skeletal warriors (D:12)
  A wizard (D:13)
  Pikel (D:4)
  A deep elf pyromancer (D:12)
  3 manticores
  5 elephants (Lair:2)
  2 cyclopes
  2 black mambas
  2 gargoyles
  An orange demon (Lair:3)
  9 cane toads
  A kobold demonologist (D:9)
  A rime drake (Lair:1)
  A tengu conjurer (D:13)
  5 trolls
  8 blink frogs (Lair:2)
  7 hornets (Lair:2)
  A shadow (D:10)
  3 wyverns
  Sigmund (D:3)
  3 wraiths
  2 basilisks
  26 yaks
  A steam dragon (Lair:2)
  3 neqoxecs (Abyss:2)
  3 redbacks (Lair:3)
  A yak (shapeshifter) (D:13)
  3 acid dragons
  8 water moccasins
  13 orc warriors
  6 black bears
  6 ogres
  2 sky beasts (D:6)
  9 wolves
  11 centaurs
  A phantom (D:6)
  5 kobold brigands
  4 lemures (D:4)
  A gnoll sergeant (D:10)
  5 scorpions
  10 bullfrogs
  3 howler monkeys
  3 electric eels
  3 jellies
  5 hounds
  3 gnoll boudas
  9 orc priests
  An iguana (D:11)
  22 orc wizards
  Robin (D:3)
  20 gnolls
  5 adders
  3 white imps
  An ufetubus (D:6)
  3 worms
  4 dart slugs
  53 orcs
  8 endoplasms
  3 giant cockroaches
  20 goblins
  17 hobgoblins
  2 jackals (D:2)
  22 kobolds
  A quokka (D:4)
  4 ball pythons
  7 bats
  5 frilled lizards
  8 rats
444 creatures vanquished.

Vanquished Creatures (others)
  A wizard (D:9)
1 creature vanquished.

Grand Total: 445 creatures vanquished

Notes
Turn   | Place    | Note
-------+----------+-------------------------------------------
     0 | D:1      | duskshroud the Minotaur Berserker began the quest for the
                  | Orb.
     0 | D:1      | Reached XP level 1. HP: 19/19 MP: 0/0
   116 | D:1      | Reached skill level 4 in Axes
   177 | D:1      | Reached XP level 2. HP: 25/27 MP: 1/1
   766 | D:2      | Identified the +9 battleaxe "Epheoloq" {drain, Fragile
                  | Str+5 Int+3}
   829 | D:2      | Found a hide-covered altar of Uskayaw.
   866 | D:2      | Reached XP level 3. HP: 33/33 MP: 2/2
  1014 | D:2      | Found Efrim's Antique Armour Boutique.
  1183 | D:2      | Reached ** piety under Trog
  1327 | D:3      | Noticed Sigmund
  1333 | D:3      | Killed Sigmund
  1334 | D:3      | Reached skill level 5 in Fighting
  1334 | D:3      | Reached skill level 6 in Axes
  1334 | D:3      | Reached XP level 4. HP: 42/42 MP: 3/3
  1334 | D:3      | Reached XP level 5. HP: 48/48 MP: 4/4
  1338 | D:3      | Noticed Robin
  1345 | D:3      | Killed Robin
  2029 | D:4      | Reached skill level 7 in Axes
  2029 | D:4      | Reached XP level 6. HP: 53/56 MP: 5/5
  2063 | D:4      | Found a glowing drain.
  2087 | Sewer    | Entered a sewer
  2402 | Sewer    | Reached *** piety under Trog
  2435 | D:4      | Reached skill level 8 in Axes
  2566 | D:4      | Reached XP level 7. HP: 61/63 MP: 6/6
  2614 | D:4      | Found a hazy altar of Hepliaklqana.
  2615 | D:4      | Noticed Pikel
  2623 | D:4      | Found an ancient bone altar of Kikubaaqudgha.
  2668 | D:4      | Found Esiturawaa's Lightly-Used Armoury.
  2685 | D:4      | Killed Pikel
  2686 | D:4      | Reached skill level 9 in Axes
  2762 | D:4      | Found an ancient bone altar of Kikubaaqudgha.
  2764 | D:4      | Found a blossoming altar of Fedhas.
  2764 | D:4      | Found a burning altar of Makhleb.
  2766 | D:4      | Found a hazy altar of Hepliaklqana.
  2766 | D:4      | Found a white marble altar of Elyvilon.
  2766 | D:4      | Found a shimmering altar of Xom.
  2882 | D:5      | Entered Level 5 of the Dungeon
  2916 | D:5      | Found a burning altar of Makhleb.
  2944 | D:5      | Reached XP level 8. HP: 56/73 MP: 7/7
  2946 | D:5      | Reached skill level 10 in Axes
  3208 | D:5      | Found a staircase to the Ecumenical Temple.
  3219 | D:5      | Found Binach Vygi's Vocational Training.
  3962 | D:6      | Reached skill level 11 in Axes
  4568 | D:6      | Reached XP level 9. HP: 71/83 MP: 8/8
  4569 | D:6      | Reached skill level 12 in Axes
  4683 | D:6      | Found a stormy altar of Qazlal.
  6334 | D:8      | Reached **** piety under Trog
  6335 | D:8      | Reached skill level 13 in Axes
  6358 | D:8      | Identified the +4 ring mail of Vavvabav {rPois rN+++ Int-3}
  6482 | D:8      | Reached skill level 10 in Fighting
  6549 | D:8      | Found a sparkling altar of Nemelex Xobeh.
  7003 | D:9      | Noticed a kobold demonologist
  7010 | D:9      | Noticed a hellwing
  7012 | D:9      | Killed a kobold demonologist
  7020 | D:9      | Reached skill level 14 in Axes
  7133 | D:9      | Reached XP level 10. HP: 83/94 MP: 9/9
  7200 | D:9      | Found a flagged portal.
  7208 | Bailey   | Entered a bailey
  7484 | Bailey   | Noticed an orc warlord
  7493 | Bailey   | Reached skill level 15 in Axes
  7495 | Bailey   | Killed an orc warlord
  7889 | D:9      | Noticed Erolcha
  7897 | D:9      | Killed Erolcha
  7959 | D:9      | Reached skill level 16 in Axes
  8059 | D:9      | Found a bloodstained altar of Trog.
  8060 | D:9      | Noticed a wizard
  8065 | D:9      | Killed a wizard
  8260 | D:10     | Entered Level 10 of the Dungeon
  8370 | D:10     | Noticed a gargoyle
  8374 | D:10     | Killed a gargoyle
  8375 | D:10     | Reached XP level 11. HP: 105/105 MP: 10/10
  8788 | D:11     | Found a portal to a secret trove of treasure.
  8934 | D:11     | Found a staircase to the Lair.
  8934 | D:11     | Noticed a two-headed ogre
  8943 | D:11     | Killed a two-headed ogre
  8949 | D:11     | Reached skill level 17 in Axes
  9065 | D:11     | Found a staircase to the Orcish Mines.
  9302 | D:11     | Found a runed translucent gate.
  9303 | D:11     | Found a runed translucent gate.
  9303 | D:11     | Found a runed translucent gate.
  9305 | D:11     | Noticed a green ugly thing
  9305 | D:11     | Noticed a glowing orange brain
  9306 | D:11     | Noticed a cyan ugly thing
  9306 | D:11     | Noticed a green ugly thing
  9308 | D:11     | Noticed a cyan ugly thing
  9560 | D:11     | Reached ***** piety under Trog
 10066 | D:12     | Reached skill level 18 in Axes
 10257 | D:12     | Noticed a two-headed ogre
 10279 | D:12     | Killed a two-headed ogre
 10431 | Orc:1    | Entered Level 1 of the Orcish Mines
 10493 | Orc:1    | Noticed an orc warlord
 10520 | Lair:1   | Entered Level 1 of the Lair of Beasts
 10873 | D:12     | Noticed a five-headed hydra
 10894 | D:12     | Killed a five-headed hydra
 10895 | D:12     | Reached XP level 12. HP: 117/117 MP: 11/11
 11050 | D:12     | Reached skill level 19 in Axes
 11490 | D:12     | Noticed a two-headed ogre
 11495 | D:12     | Killed a two-headed ogre
 11807 | D:13     | Noticed a centaur warrior
 11814 | D:13     | Killed a centaur warrior
 11879 | D:13     | Noticed a centaur warrior
 11893 | D:13     | Killed a centaur warrior
 11941 | D:13     | Noticed a two-headed ogre
 11951 | D:13     | Killed a two-headed ogre
 11952 | D:13     | Reached skill level 15 in Fighting
 11952 | D:13     | Reached skill level 20 in Axes
 11953 | D:13     | Noticed a two-headed ogre
 11973 | D:13     | Killed a two-headed ogre
 12078 | D:13     | Found a gate to the Vaults.
 12096 | D:13     | Noticed an eight-headed hydra
 12102 | D:13     | Killed an eight-headed hydra
 12257 | D:13     | Noticed a boulder beetle
 12273 | D:13     | Killed a boulder beetle
 12467 | D:13     | Noticed a tengu warrior
 12511 | D:13     | Killed a tengu warrior
 13383 | Lair:1   | Noticed a catoblepas
 13400 | Lair:1   | Killed a catoblepas
 13401 | Lair:1   | Reached XP level 13. HP: 84/132 MP: 12/12
 13605 | D:4      | Bought -2 gold dragon scales for 770 gold pieces
 13854 | Lair:1   | Found a hide-covered altar of Uskayaw.
 14654 | Lair:2   | Reached skill level 5 in Armour
 14657 | Lair:2   | Reached skill level 5 in Dodging
 15043 | Lair:2   | Noticed Fannar
 15053 | Lair:2   | Killed Fannar
 15163 | Lair:2   | Found a staircase to the Swamp.
 16353 | Lair:3   | Found a hole to the Spider Nest.
 16357 | Lair:3   | Noticed Urug
 16364 | Lair:3   | Killed Urug
 16436 | Lair:3   | Noticed Amaemon
 16449 | Lair:3   | Killed Amaemon
 16704 | Lair:3   | Reached XP level 14. HP: 128/141 MP: 13/13
 16743 | Lair:3   | Noticed Sonja
 16751 | Abyss:2  | Found a corrupted altar of Lugonu.
 16751 | Abyss:2  | Cast into level 2 of the Abyss (Sonja)
 16773 | Abyss:2  | Found a corrupted altar of Lugonu.
 16774 | Abyss:2  | Lost intelligence.
 16780 | Abyss:2  | Gained mutation: You are frail. (-10% HP) [a neqoxec]
 16791 | Abyss:2  | Found a corrupted altar of Lugonu.
 16791 | Abyss:2  | Found a corrupted altar of Lugonu.
 16796 | Abyss:2  | Noticed a red draconian scorcher
 16815 | Abyss:2  | Killed from afar by a red draconian scorcher

Illustrated notes

Levels and vault maps discovered:
D:1:      tekkud_arrival_beachfront_property, layout_basic
D:2:      layout_loops_cross, serial_shops, nicolae_shop_advertising_works
          [nicolae_subvault_shop_adworks], basic_altar
D:3:      layout_loops_cross, uniq_robin, uniq_sigmund
D:4:      layout_loops_ring, doesnt_xom_only_xom,
          mainiacjoe_overflow_catwalk_spiral, cheibrodos_sewer_entry_bend,
          serial_park_tiny_pond, minmay_shop_damaged,
          chequers_serial_rivers_micro_a, minmay_bisected, uniq_pikel
D:5:      layout_layer_cave, overflow_temple_1_default,
          minmay_temple_entry_gardened_gates, nicolae_shop_vocational
D:6:      layout_loops_corners, mainiacjoe_overflow_surrounded_room,
          water_maze_lemuel
D:7:      minmay_klotski, layout_basic
D:8:      layout_loops_ring, overflow_temple_1_default,
          nicolae_elevator_lobby_plus
D:9:      layout_gridville, trog_wizard, enter_bailey_2, uniq_erolcha
D:10:     layout_small_grid
D:11:     layout_basic, minmay_lair_entry_grove, orc_0_dummy,
          ploomutoo_gammafunk_ghost_potion_laboratory,
          nicolae_trove_entry_free_sample
D:12:     layout_roguey, minmay_misc_feat_ornament, patterned_corridor
D:13:     layout_roguey [special_room_orc], david_vaults_1
Lair:1:   layout_cave_pods, basic_altar, infiniplex_staircase_pool
Lair:2:   layout_regular_city, swamp_mist, dreamdust_wasp_nest,
          serial_bayou_shore_a, uniq_fannar
Lair:3:   layout_concentric_octagons, spider_nest_entry_webs, uniq_urug,
          uniq_amaemon, uniq_sonja
Orc:1:    layout_diamond_mine, hellmonk_ghost_happy_afterlife
Abyss:2:  base: D:15, evilmike_abyss_exit_10, evilmike_abyss_exit_10

Skill      XL: |  1  2  3  4  5  6  7  8  9 10 11 12 13 |
---------------+----------------------------------------+-----
Axes           | 4 6 7 8 9 11 14 16 18 20 | 20.0
Fighting       | 4 5 6 7 9 10 12 14 17 | 17.8
Armour         | 8 |  8.8
Dodging        | 8 |  8.0

Action                     |  1- 3 |  4- 6 |  7- 9 | 10-12 | 13-15 || total
---------------------------+-------+-------+-------+-------+-------++-------
  Melee: Hand axe          |    39 |       |       |       |       ||    39
         Headbutt          |     5 |     5 |    25 |    67 |    52 ||   154
         Battleaxe         |    17 |    62 |   155 |   189 |       ||   423
         Punch             |     1 |       |       |     1 |     1 ||     3
         Mace              |       |       |       |    10 |     6 ||    16
         Broad axe         |       |       |       |   135 |   225 ||   360
   Fire: Orcbow            |       |       |       |       |    12 ||    12
 Invoke: Trog's Hand       |     1 |     1 |     3 |    11 |     6 ||    22
         Berserk           |     1 |       |     2 |    10 |     3 ||    16
         Brothers in Arms  |       |       |       |       |     1 ||     1
    Use: Scroll            |       |       |       |    11 |     3 ||    14
   Stab: Sleeping          |       |     1 |     2 |       |       ||     3
         Petrified         |       |       |       |     4 |       ||     4
         Distracted        |       |       |       |     1 |       ||     1
         Petrifying        |       |       |       |     1 |       ||     1
 Armour: Animal skin       |    12 |     7 |     9 |       |       ||    28
         Scale mail        |       |       |    34 |       |       ||    34
         Ring mail         |       |       |    11 |   105 |    41 ||   157
  Dodge: Dodged            |    43 |    44 |    85 |   155 |   184 ||   511

Table legend: (Time is in decaauts)
 A = Elapsed time spent in this place.
 B = Non-inter-level travel time spent in this place.
 C = Inter-level travel time spent in this place.
 D = Time resting spent in this place.
 E = Time spent auto-exploring this place.
 F = Levels seen in this place.
 G = Mean time per level.
                   A        B        C        D        E       F      G
               +--------+--------+--------+--------+--------+-----+--------+
         Total |  17018 |  15587 |   1431 |   2589 |  10251 |  20 |  850.9 |
       Dungeon |  13121 |  11776 |   1345 |   1431 |   8549 |  13 | 1009.3 |
          Lair |   3015 |   2930 |     85 |    972 |   1389 |   3 | 1005.0 |
  Orcish Mines |     51 |     51 |      0 |      0 |      6 |   1 |   51.0 |
         Abyss |     88 |     88 |      0 |      0 |      0 |   1 |   88.0 |
         Sewer |    376 |    376 |      0 |    116 |    162 |   1 |  376.0 |
        Bailey |    365 |    365 |      0 |     69 |    144 |   1 |  365.0 |
               +--------+--------+--------+--------+--------+-----+--------+

Top non-repeatable levels by time:
  Lair:2: 1857 daAuts
    D:11: 1773 daAuts
     D:6: 1669 daAuts
    D:12: 1251 daAuts
    D:13: 1158 daAuts
     D:5: 1118 daAuts
     D:7: 1037 daAuts
     D:9: 1001 daAuts
  Lair:1: 745 daAuts
     D:8: 744 daAuts
     D:1: 741 daAuts
    D:10: 735 daAuts
     D:3: 672 daAuts
     D:4: 635 daAuts
     D:2: 582 daAuts
